[Event "98th Argentine Championship 2023"]
[Site "Buenos Aires"]
[Date "2023.10.29"]
[Round "1.5"]
[White "Peralta, Fernando"]
[Black "Miranda, Rafael"]
[Result "1-0"]
[ECO "D87"]
[WhiteElo "2580"]
[BlackElo "2343"]
[Annotator "TA"]
[PlyCount "89"]
[EventDate "2023.10.27"]
[EventType "tourn"]
[EventCountry "ARG"]
[SourceTitle "playchess.com"]
[Source "ChessBase"]
[SourceQuality "1"]
[TimeControl "40/5400+30:1800+30"]

1. d4 Nf6 2. c4 g6 3. Nc3 d5 4. cxd5 Nxd5 5. e4 Nxc3 6. bxc3 Bg7 7. Bc4 c5 8. Ne2 O-O 9. O-O Nc6 10. Be3 b6 11. Rc1 {[%emt 0:03:02] D87: Exchange Grünfeld: Classical Line: Variations without ...cxd4.} Bb7 12. Qd2 {[%emt 0:00:08] 12.Bb5 is more advanced technology.} Rc8 13. Bb5 {[%emt 0:01:11] The position is equal.} ({But not} 13. dxc5 Qxd2 14. Bxd2 Ne5 $17) 13... cxd4 14. cxd4 Qd6 {[%emt 0:00:15] [#]} 15. d5 $146 ({Predecessor:} 15. Rfd1 Qb4 16. Qd3 e6 17. h4 Rfd8 18. Bg5 Nxd4 19. Bxd8 Rxd8 20. h5 Be5 21. a4 {½-½ Ding,L (2806)-Rapport,R (2764) Candidates Tournament 2022 (3)}) 15... Nb8 16. Bd4 Nd7 17. Bxg7 Kxg7 18. Nd4 Nc5 19. Rfe1 {[%emt 0:08:18] Black is weak on the light squares} Kg8 20. Rcd1 (20. Qh6 {seems wilder.} Qe5 21. Rcd1 e6 22. Bc6) 20... Rcd8 (20... e5 $14) 21. Bc6 $16 {[%emt 0:09:20] White now steadily converts the win.} Bxc6 22. Nxc6 Rd7 (22... Ra8 $142) 23. e5 {[%emt 0:00:26] White is more active.} Qxc6 24. dxc6 Rxd2 25. Rxd2 $18 {[%emt 0:00:04][%mdl 4096] [#] Endgame Strongly threatening Red1. KRR-KRN} Rc8 26. Rc1 a5 27. g3 Rxc6 28. Kg2 Kg7 29. f4 Rc7 (29... h5 $16 30. Kf3 f6 31. exf6+ Kxf6) 30. Kf3 Rb7 31. Rd5 f5 (31... Rc7 {was worth a try.} 32. Rd8 Rc6) 32. exf6+ exf6 33. Rb1 {[%emt 0:00:46][%cal Od5c5] And now Rxc5! would win.} Nd7 34. Rxa5 {[%emt 0:00:18][%mdl 64] [#] Pin} Rc7 35. Rd5 Kf7 36. Rd2 Ra7 37. Rbb2 Ke7 38. Re2+ Kf7 39. Red2 $2 ({Better is} 39. Rec2 $18) 39... Ke6 $2 (39... Ke7 $1 $11 40. Rd3 f5 41. Re2+ Kf7) 40. Re2+ Kf7 41. Rec2 Ke7 42. Rc6 Ra3+ 43. Kg2 Rd3 44. Re2+ Kd8 45. Rce6 {[%emt 0:29:45] Weighted Error Value: White=0.28 (precise) /Black=0.34} 1-0

[Event "98th Argentine Championship 2023"]
[Site "Buenos Aires"]
[Date "2023.10.30"]
[Round "2.1"]
[White "Acosta, Pablo Ismael"]
[Black "Krysa, Leandro"]
[Result "1/2-1/2"]
[ECO "E04"]
[WhiteElo "2482"]
[BlackElo "2546"]
[Annotator "TA"]
[PlyCount "60"]
[EventDate "2023.10.27"]
[EventType "tourn"]
[EventCountry "ARG"]
[SourceTitle "playchess.com"]
[Source "ChessBase"]
[SourceQuality "1"]
[TimeControl "40/5400+30:1800+30"]

1. d4 Nf6 2. Nf3 d5 3. c4 e6 4. g3 dxc4 5. Bg2 Nbd7 6. O-O c6 7. Qc2 b5 8. b3 {[%emt 0:01:05] E04: Open Catalan: 5 Nf3.} cxb3 9. Qxc6 Rb8 10. axb3 {[%emt 0:01:49] White has an edge.} Bb7 11. Qc2 Rc8 12. Qd3 a6 {[%emt 0:01:49] [#]} 13. Ng5 $146 ({Predecessor:} 13. Nbd2 Be7 14. Bb2 O-O 15. Rfc1 Qb6 16. e4 Rfd8 17. Bc3 Nb8 18. Ne5 Bd6 19. Nef3 {0-1 Di Benedetto,E (2378)-Dvirnyy,D (2514) ITA-ch 81st Cagliari 2022 (7)}) 13... Bxg2 14. Kxg2 Qb6 15. e4 h6 16. Nf3 Be7 17. Nbd2 O-O 18. Ba3 Bxa3 19. Rxa3 Nb8 20. Rfa1 b4 21. Ra4 Rc3 {[%emt 0:02:52] Prevents Nc4.} 22. Qb1 Qb7 23. e5 (23. Ng1 $11) 23... Nd5 $15 24. Ne4 {[%emt 0:00:48] [#]} (24. Qe4 $15) 24... Rfc8 $1 $17 {[%emt 0:12:06][%cal Oc3f3] Strongly threatening ...Rxf3!} 25. Nfd2 Rc2 $1 {[%emt 0:05:50][%cal Oc2d2] Threatens to win with ...Rxd2!} 26. Kh3 {[%emt 0:04:39] [#]} Rxd2 27. Nxd2 $11 {[%emt 0:00:11] Black must now prevent Ne4.} Nc3 {[%emt 0:00:34][%csl LRa4,LRb1] Prevents Ne4. Excellent horsemanship.} 28. Qe1 (28. Qd3 $1 $11 {keeps the balance.}) 28... Nxa4 $17 29. Rxa4 Nc6 30. Ne4 {[%emt 0:00:54] Nd6 would be deadly.} Rd8 {[%emt 0:01:44] Weighted Error Value: White=0.17 (very precise) /Black=0.11 (very precise)} 1/2-1/2

[Event "98th Argentine Championship 2023"]
[Site "Buenos Aires"]
[Date "2023.10.30"]
[Round "2.3"]
[White "Francisco Guecamburu, Candela Be"]
[Black "Peralta, Fernando"]
[Result "1/2-1/2"]
[ECO "B13"]
[WhiteElo "2345"]
[BlackElo "2580"]
[Annotator "TA"]
[PlyCount "61"]
[EventDate "2023.10.27"]
[EventType "tourn"]
[EventCountry "ARG"]
[SourceTitle "playchess.com"]
[Source "ChessBase"]
[SourceQuality "1"]
[TimeControl "40/5400+30:1800+30"]

1. e4 c6 2. d4 d5 3. exd5 cxd5 4. Nf3 Nf6 5. Ne5 Nc6 {[%emt 0:00:17] The position is equal.} 6. Bb5 {[%emt 0:00:43] B13: Caro-Kann: Exchange Variation and Panov-Botvinnik Attack.} Bd7 7. Nxd7 Qxd7 8. c3 a6 9. Bd3 e5 10. dxe5 Nxe5 {[%emt 0:00:13] [#]} 11. Bf4 $146 ({Predecessor:} 11. O-O O-O-O 12. Bf4 Bd6 13. Bxe5 Bxe5 14. Qf3 Ne4 15. Bxe4 dxe4 16. Qxe4 Rhe8 17. Qc4+ {0-1 Stoleriu,G (2372)-Salem,A (2682) Titled Tuesday intern op 25th May blitz 2021 (7)}) 11... Nxd3+ 12. Qxd3 Qe6+ 13. Qe2 Bc5 14. Nd2 O-O 15. Qxe6 fxe6 16. O-O Nh5 (16... Ng4 $5 17. Bg3 $8 Ne3 $11) 17. Be3 Bxe3 18. fxe3 Nf6 19. e4 dxe4 20. Rae1 Rad8 21. Rf2 Rd3 {[%emt 0:23:08] [#] Hoping for ...e3.} 22. Rfe2 Rfd8 23. Nxe4 Nxe4 24. Rxe4 $11 {[%emt 0:00:05][%mdl 4096] Endgame KRR-KRR} Rd2 25. R1e2 Rxe2 26. Rxe2 {[%emt 0:00:02] KR-KR} Kf7 27. Kf2 Rd3 28. Re3 Rd2+ 29. Re2 Rd3 30. Re3 Rd2+ 31. Re2 {[%emt 0:00:08] An uneventful encounter.   Weighted Error Value: White=0.02 (flawless) /Black=0.02 (flawless)} 1/2-1/2

[Event "98th Argentine Championship 2023"]
[Site "Buenos Aires"]
[Date "2023.10.31"]
[Round "3.4"]
[White "Peralta, Fernando"]
[Black "Gomez, Carlos David"]
[Result "1-0"]
[ECO "E42"]
[WhiteElo "2580"]
[BlackElo "2331"]
[Annotator "TA"]
[PlyCount "99"]
[EventDate "2023.10.27"]
[EventType "tourn"]
[EventCountry "ARG"]
[SourceTitle "playchess.com"]
[Source "ChessBase"]
[SourceQuality "1"]
[TimeControl "40/5400+30:1800+30"]

1. d4 Nf6 2. c4 e6 3. Nc3 Bb4 4. e3 c5 5. Nge2 d5 6. a3 Ba5 7. dxc5 (7. cxd5 {feels hotter.} cxd4 8. Nxd4 Nxd5 9. b4) 7... dxc4 {[%emt 0:00:09] E42: Nimzo-Indian: Rubinstein: 4...c5 5 Ne2.} 8. Qxd8+ (8. Bd2 $5 ) 8... Kxd8 9. Bd2 Nbd7 {[%emt 0:01:04] The position is equal.} 10. Ng3 Nxc5 {[%emt 0:17:57] Hoping for ...Nb3.} 11. Bxc4 {[%emt 0:00:12] b4 is the strong threat.} Ncd7 12. Be2 {[%emt 0:08:42] [#]} h5 $146 ({Predecessor:} 12... a6 13. O-O Bc7 14. Rac1 b5 15. Nce4 h6 16. Nxf6 gxf6 17. Rfd1 Bb7 18. Bc3 Be5 {1-0 Fridman,D (2590)-Meijers,V (2487) Riga op 2004 (7)}) 13. b4 Bb6 14. O-O Ne5 (14... a5 $142) 15. Nge4 $16 Ke7 16. Nxf6 gxf6 17. Na4 Bd8 18. f4 Nd7 19. Rac1 Rb8 {[%emt 0:06:44] [#]} (19... Nb6 $16) 20. b5 $1 $18 Nb6 21. Nc5 Kf8 22. a4 f5 23. Bc3 {[%emt 0:02:06] White has more active pieces. The black rooks are badly placed.} f6 24. Bf3 Be7 25. Bd4 Kf7 (25... Nd5 $16 {is a better defense.} 26. Rfd1 Kf7) 26. Rfd1 Kg6 (26... Nd5 $142 27. Nd3 b6) 27. e4 fxe4 28. Bxe4+ (28. Nxe4 Nd5 29. Bxa7 Ra8 $18) 28... Kg7 29. Bf3 Nd5 $2 {[%emt 0:00:54] [#]} (29... Rd8 30. Bf2 (30. Bxh5 Nd5 $16) 30... Rxd1+ 31. Rxd1 Kg6) 30. f5 $1 e5 (30... Nf4 31. Nxe6+) 31. Bf2 {[%emt 0:00:19] Black is weak on the light squares} ({Weaker is} 31. Bxd5 exd4 32. Nb3 (32. Rxd4 Rd8 $16) 32... Bd8 $16) (31. Bxe5 fxe5 32. Rxd5 Bxf5 $18) 31... Nf4 32. Nd7 Ra8 33. Kf1 Re8 34. Be4 Ba3 (34... Kf7 $142 35. Be3 h4) 35. Rc7 Re7 {[%emt 0:00:21] [#]} 36. Nxf6 Kxf6 (36... Bxf5 {was necessary.} 37. Rxe7+ (37. Rxb7 Bxe4 38. Rxe7+ Kxf6 $17) 37... Bxe7) 37. Bh4+ Kf7 38. Bxe7 Bxe7 39. Rdc1 Bxf5 40. Bxf5 Nd5 41. Rc8 ({Not} 41. Rxb7 Ne3+ 42. Ke2 Nxf5 $18) 41... Rxc8 42. Bxc8 {[%emt 0:00:39][%mdl 4096] Endgame KRB-KBN} b6 43. Bb7 Ne3+ (43... Nf6 $142 44. Rc7 Ke6 45. Bc8+ {[%mdl 64] Discovered Attack} Kd6) 44. Ke2 {[%emt 0:01:20] White is clearly winning.} Nf5 (44... Ng4 $142 45. Rc7 Nf6) 45. Bd5+ Kf6 46. Rc7 Bc5 47. Rxa7 Bg1 48. Kd3 Bxh2 (48... Nd6 $142 49. a5 bxa5) 49. Ra6 Bg1 50. a5 {[%emt 0:00:11] Weighted Error Value: White=0.35/Black=0.36} 1-0

[Event "98th Argentine Championship 2023"]
[Site "Buenos Aires"]
[Date "2023.10.31"]
[Round "3.6"]
[White "Krysa, Leandro"]
[Black "Miranda, Rafael"]
[Result "1-0"]
[ECO "D94"]
[WhiteElo "2546"]
[BlackElo "2343"]
[Annotator "TA"]
[PlyCount "47"]
[EventDate "2023.10.27"]
[EventType "tourn"]
[EventCountry "ARG"]
[SourceTitle "playchess.com"]
[Source "ChessBase"]
[SourceQuality "1"]
[TimeControl "40/5400+30:1800+30"]

1. d4 Nf6 2. c4 g6 3. Nc3 d5 4. Nf3 Bg7 5. e3 O-O 6. cxd5 Nxd5 7. Bc4 Nb6 8. Bb3 Nc6 9. O-O e5 10. d5 Na5 11. e4 {[%emt 0:00:26] D94: Grünfeld: 4 Nf3 Bg7 5 e3.} Bg4 12. h3 Bd7 (12... Nxb3 $11 13. axb3 Bxf3 14. Qxf3 a6) 13. Bg5 {[%emt 0:07:45] [#] White is slightly better.} Bf6 $146 ({Predecessor:} 13... Qe8 14. Rc1 c5 15. d6 Nxb3 16. axb3 Bb5 17. Re1 f6 18. Be3 Rc8 19. b4 cxb4 {1-0 Gozzoli,Y (2522)-Petr,M (2526) Mitropa Cup 30th 2011 (9.1)}) 14. Bh6 Re8 15. Qd3 Qe7 (15... Nxb3 $11 16. axb3 a6) 16. Be3 (16. Bc2 $14) 16... Rec8 17. Rfd1 Nxb3 18. axb3 c5 19. Nd2 {[%emt 0:14:14] White is more active.} Bg5 20. d6 Qd8 21. Nc4 Nxc4 (21... Bxe3 $16 22. Nxe3 (22. Qxe3 Qf6 $16) 22... Bc6) 22. bxc4 $18 Bxe3 23. Qxe3 {[%emt 0:00:19] Nd5 is the strong threat.} ({Less strong is} 23. fxe3 Qg5 $16) 23... Rc6 (23... Be6 {was necessary.} 24. Nd5 Bxd5) 24. Nd5 {[%emt 0:06:35] Weighted Error Value: White=0.09 (flawless) /Black=0.31} 1-0

[Event "98th Argentine Championship 2023"]
[Site "Buenos Aires"]
[Date "2023.11.01"]
[Round "4.2"]
[White "Francisco Guecamburu, Candela Be"]
[Black "Krysa, Leandro"]
[Result "0-1"]
[ECO "B56"]
[WhiteElo "2345"]
[BlackElo "2546"]
[Annotator "TA"]
[PlyCount "98"]
[EventDate "2023.10.27"]
[EventType "tourn"]
[EventCountry "ARG"]
[SourceTitle "playchess.com"]
[Source "ChessBase"]
[SourceQuality "1"]
[TimeControl "40/5400+30:1800+30"]

1. e4 c5 2. Nf3 Nc6 3. d4 cxd4 4. Nxd4 Nf6 5. Nc3 d6 6. Bb5 Bd7 7. Be3 g6 {[%emt 0:09:16] B56: Classical Sicilian: Unusual Lines.} 8. f3 Bg7 9. Qd2 O-O {[%emt 0:08:58] White has an edge.} 10. Nxc6 bxc6 11. Bc4 Qa5 12. O-O Rab8 {[%emt 0:02:28] [#]} 13. b3 $146 {[%emt 0:11:59] [#]} (13. Rab1 $11) ({Predecessor:} 13. Bb3 Rb7 14. Rad1 Be6 15. Bxe6 fxe6 16. b3 Nd7 17. Ne2 Qxd2 18. Rxd2 c5 19. h3 {0-1 Grabner,J (2184)-Peters,A (2264) W-ch WS/M/048 email 2006}) 13... Ng4 $1 $17 14. fxg4 {[%emt 0:20:51] Threatens to win with Bd4.} (14. Bd4 Ne5) 14... Bxc3 15. Qf2 Bxa1 ({Much weaker is} 15... Bxg4 $6 16. Bxf7+ Kg7 17. Bd4+ Bxd4 18. Qxd4+ Kh6 19. h3 $14) 16. Rxa1 {[%emt 0:02:38] [#]} Be6 $1 {[%emt 0:04:57] Strongly threatening ...Bxc4.} ({Weaker is} 16... Bxg4 17. Bh6 $17) 17. Bd3 c5 ({Worse is} 17... Bxg4 18. Bxa7 Ra8 19. Bb6 $17) 18. Bd2 Qc7 19. Be2 c4 20. Be3 a5 21. Bd4 cxb3 22. cxb3 Rb4 23. Qe3 Rc8 24. Ba6 Ra8 25. Rc1 Qd7 26. Be2 Bxg4 27. Bc3 {[%emt 0:00:08] [#] Wards off Bxe2} Bxe2 $1 28. Bxb4 axb4 29. Qxe2 $19 {[%emt 0:00:06][%mdl 4096] Endgame KQR-KQR} Qa7+ 30. Kh1 Qxa2 31. Qc4 Qd2 {[%emt 0:02:11] Hoping for ...Ra2.} 32. Rf1 e6 {[%emt 0:00:56] White must now prevent ...Ra2.} 33. Qc6 Rf8 34. h3 Qc3 35. Qxd6 Qxb3 36. Qb6 Qc4 37. Rb1 Qxe4 38. Rxb4 (38. Qxb4 Qxb4 39. Rxb4) 38... Qe1+ 39. Kh2 Qe5+ 40. Kh1 Ra8 41. Rb1 Ra1 42. Rxa1 Qxa1+ {[%emt 0:00:04] KQ-KQ} 43. Kh2 h5 44. Qd6 Kg7 45. Qc7 Qd4 46. Qe7 (46. Kh1 $142) 46... e5 47. h4 e4 {[%emt 0:01:26] Black mates.} 48. g4 Qf2+ 49. Kh1 Qf6 {[%emt 0:01:19] White got outplayed after the opening.   Weighted Error Value: White=0.48/Black=0.12 (very precise)} 0-1

[Event "98th Argentine Championship 2023"]
[Site "Buenos Aires"]
[Date "2023.11.01"]
[Round "4.4"]
[White "Perez Ponsa, Federico"]
[Black "Peralta, Fernando"]
[Result "1/2-1/2"]
[ECO "E16"]
[WhiteElo "2527"]
[BlackElo "2580"]
[Annotator "TA"]
[PlyCount "80"]
[EventDate "2023.10.27"]
[EventType "tourn"]
[EventCountry "ARG"]
[SourceTitle "playchess.com"]
[Source "ChessBase"]
[SourceQuality "1"]
[TimeControl "40/5400+30:1800+30"]

1. d4 Nf6 2. c4 e6 3. Nf3 b6 4. g3 Bb7 5. Bg2 Bb4+ 6. Bd2 Bxd2+ 7. Qxd2 O-O 8. O-O d6 9. Nc3 Ne4 10. Nxe4 Bxe4 11. Qe3 {[%emt 0:01:21] has lost popularity (11.Qf4). E16: Queen's Indian: 4 g3 Bb7 5 Bg2 Bb4+.} Bb7 12. Qd3 f5 13. Qe3 Re8 14. c5 Nd7 {[%emt 0:02:59][%cal Rb6c5] [#]} 15. b4 $146 ({Predecessor:} 15. cxd6 cxd6 16. Rac1 Nf6 17. Nh4 Bxg2 18. Nxg2 Nd5 19. Qd3 Qd7 20. e4 fxe4 21. Qxe4 {½-½ Vallejo Pons,F (2707)-Safarli,E (2628) Nakhchivan op 2011 (8)}) 15... Bd5 16. Rfc1 a5 17. cxd6 cxd6 18. b5 Nf6 19. a4 Qd7 20. Nd2 Rac8 21. Qa3 Ne4 (21... h6 $11) 22. Nxe4 Bxe4 (22... fxe4 $14 23. Rxc8 Rxc8) 23. Bxe4 $16 fxe4 24. Ra2 Rc7 25. Rxc7 (25. Rac2 $16 Rec8 26. Rxc7 Rxc7 27. Qe3) 25... Qxc7 {[%emt 0:01:03][%mdl 4096] Endgame KQR-KQR} 26. Qb3 {[%emt 0:00:05] [#] aiming for Rc2.} Qc1+ 27. Kg2 d5 $1 28. Rc2 {[%emt 0:08:51] Prevents Rc8} Qd1 29. Qc3 {[%emt 0:00:17] Qc6 is the strong threat.} h6 30. Qc6 Kf7 (30... Re7 $1 $11) 31. Qc7+ ({Better is} 31. h4 $16) 31... Kg6 {[%emt 0:00:43] The position is equal.} 32. Qd7 Qxc2 33. Qxe8+ $11 {[%emt 0:00:05] KQ-KQ} Kh7 $1 34. Qxe6 {[%emt 0:02:11] [#] And now e3 would win.} Qxe2 35. Qf5+ (35. Qxb6 e3 36. Qe6 Qxf2+ 37. Kh3 e2 38. b6 e1=Q 39. Qxe1 Qxe1 40. Kg2 Qe2+ 41. Kg1 Qd1+ 42. Kf2 Qxa4 43. Kg2 Qc2+ 44. Kf3 a4 45. b7 Qb3+ 46. Kg4 a3 47. Kf4 a2 48. b8=Q Qxb8+ 49. Kf3 a1=Q 50. Kg2 Qxd4 51. h4 Qe4+ 52. Kh3 Qf3 53. Kh2 Qbxg3#) 35... Kh8 36. Kh3 g5 37. Qg6 Qf1+ 38. Kg4 Qe2+ (38... Qxf2 $2 39. Qxh6+ Kg8 40. Qxb6 $18) 39. Kh3 Qf1+ 40. Kg4 Qe2+ {[%emt 0:00:00] Weighted Error Value: White=0.13 (very precise) /Black=0.12 (very precise)} (40... Qxf2 $2 41. Qxh6+ Kg8 42. Qg6+ Kh8 43. Qh6+ (43. Qxg5 Qf3+ 44. Kh3 e3 $11) (43. Kxg5 Qe3+ 44. Kh4 Qxd4 $11) 43... Kg8 44. Qg6+ Kh8 45. Qxb6 $18 (45. Qxg5 Qf3+ 46. Kh4 e3 $11)) 1/2-1/2

[Event "98th Argentine Championship 2023"]
[Site "Buenos Aires"]
[Date "2023.11.01"]
[Round "5.1"]
[White "Valerga, Diego"]
[Black "Perez Ponsa, Federico"]
[Result "*"]
[ECO "D27"]
[WhiteElo "2428"]
[BlackElo "2527"]
[Annotator "RC"]
[PlyCount "47"]
[EventDate "2023.10.27"]
[EventType "tourn"]
[EventCountry "ARG"]
[SourceTitle "playchess.com"]
[Source "ChessBase"]
[SourceQuality "1"]
[TimeControl "40/5400+30:1800+30"]

1. d4 Nf6 2. Nf3 d5 3. c4 e6 4. Nc3 dxc4 5. e3 a6 6. Bxc4 b5 7. Bb3 Bb7 8. O-O c5 9. e4 cxd4 10. Nxd4 Nbd7 11. Be3 Ne5 12. h3 Rc8 13. Qe2 Nc4 14. Rad1 Qa5 15. Bxc4 bxc4 16. f3 Be7 17. Qf2 Qc7 18. Nde2 Nd7 19. Rd2 Ne5 20. Bb6 Qb8 21. Ba7 Qc7 22. Bb6 Qb8 23. Ba7 Qc7 24. Bb6 *

[Event "98th Argentine Championship 2023"]
[Site "Buenos Aires"]
[Date "2023.11.02"]
[Round "5.2"]
[White "Peralta, Fernando"]
[Black "Tokman, Ariel"]
[Result "1-0"]
[ECO "D35"]
[WhiteElo "2580"]
[BlackElo "2306"]
[Annotator "TA"]
[PlyCount "87"]
[EventDate "2023.10.27"]
[EventType "tourn"]
[EventCountry "ARG"]
[SourceTitle "playchess.com"]
[Source "ChessBase"]
[SourceQuality "1"]
[TimeControl "40/5400+30:1800+30"]

1. d4 d5 2. c4 e6 3. Nc3 Nf6 4. cxd5 exd5 5. Bg5 Bb4 6. e3 h6 7. Bh4 g5 {[%emt 0:01:45] D35: Queen's Gambit Declined: Exchange Variation.} 8. Bg3 Ne4 9. Nge2 h5 {[%emt 0:11:51] And now ...h4 would win. White is slightly better.} 10. h3 {[%emt 0:00:07] [#]} (10. h4 $14) 10... Qf6 $146 (10... Bxc3+ $11 11. Nxc3 Nxg3 12. fxg3 Qd6) ({Predecessor:} 10... Nxg3 11. Nxg3 h4 12. Nh5 Qe7 13. Rc1 c6 14. a3 Ba5 15. Be2 f5 16. O-O O-O {½-½ Mamedyarov,S (2747)-Pichot,A (2642) Casablanca Mohammed op 4th 2023 (6)}) 11. Qb3 Nxg3 $1 12. Nxg3 Bxc3+ 13. bxc3 h4 14. Ne2 Qd6 15. Ng1 Nc6 16. Nf3 Rg8 (16... f6 $11) 17. c4 $16 Be6 18. c5 (18. Qxb7 Rb8 19. c5 Rxb7 $11) 18... Qd7 19. Bb5 (19. Qxb7 $142 Rb8 20. Qa6) 19... f6 20. Nh2 Kf7 {[%emt 0:02:11] [#]} 21. Ng4 $1 {[%emt 0:00:58] Threatens to win with Nh6+.} Kg7 {[%emt 0:00:43] Prevents Nh6} 22. Qd1 Qe7 23. Rb1 Rab8 24. Rb3 (24. O-O $16) 24... a6 25. Be2 b6 26. cxb6 (26. Bxa6 bxc5 27. dxc5 Bxg4 28. hxg4 Rxb3 29. axb3 d4 $17) 26... Rxb6 27. O-O Na5 28. Rxb6 cxb6 29. Bxa6 Ra8 30. Bd3 Nc4 31. Bb1 Nd6 {[%emt 0:02:41] [#]} (31... Na3 $142) 32. Re1 (32. Qc2 $142 $1 {[%cal Rc2g6] Black must now prevent Qg6+.} Kf8 33. Qg6 Bxg4 34. hxg4) 32... Rc8 33. Qb3 (33. Qd3 $5 Ne4 34. Qb3 $14) 33... Qc7 34. e4 Bxg4 35. hxg4 dxe4 36. Bxe4 Re8 (36... Nxe4 {simplifies} 37. Rxe4 Qc1+ 38. Kh2 Qc7+) 37. f3 Nf7 {[%emt 0:00:33] Black is weak on the light squares} 38. Qb5 Qg3 39. Re2 Rc8 {[%emt 0:00:27] ( -> ...Rc1+)} (39... Nd6 $5 40. Qd7+ (40. Qxb6 Nxe4 41. Qb7+ {[%mdl 64] Pin} Kh6 $11) 40... Kf8 $11) 40. Bc2 (40. Qxb6 $2 {leads to mate.} Rc1+) 40... h3 (40... Qd6 $14 41. Qd3 Kf8) 41. Qf5 {[%emt 0:06:00] The board is on fire.} ({Much worse is} 41. Qxb6 $6 h2+ 42. Kh1 Rxc2 43. Rxc2 Qe1+ 44. Kxh2 Qh4+ 45. Kg1 Qe1+ 46. Kh2 Qh4+ 47. Kg1 Qe1+ 48. Kh2 $11) 41... Rc4 (41... Rc7 $16 {is a better defense.}) 42. Qg6+ $18 {[%emt 0:05:56][%mdl 64] Deflection} Kf8 43. Qxf6 Rxc2 $2 (43... Qc7) 44. Qe7+ {[%emt 0:00:56] Weighted Error Value: White=0.14 (very precise) /Black=0.25 (precise)} ({Worse is} 44. Rxc2 h2+ 45. Kh1 Qe1+ 46. Kxh2 Qh4+ 47. Kg1 Qe1+ 48. Kh2 Qh4+ 49. Kg1 Qe1+ 50. Kh2 $11) 1-0

[Event "98th Argentine Championship 2023"]
[Site "Buenos Aires"]
[Date "2023.11.02"]
[Round "5.4"]
[White "Krysa, Leandro"]
[Black "Gomez, Carlos David"]
[Result "1/2-1/2"]
[ECO "A13"]
[WhiteElo "2546"]
[BlackElo "2331"]
[Annotator "TA"]
[PlyCount "104"]
[EventDate "2023.10.27"]
[EventType "tourn"]
[EventCountry "ARG"]
[SourceTitle "playchess.com"]
[Source "ChessBase"]
[SourceQuality "1"]
[TimeControl "40/5400+30:1800+30"]

1. Nf3 d5 2. g3 Nf6 3. Bg2 e6 4. O-O Be7 5. c4 dxc4 6. Qa4+ Nbd7 7. Qxc4 c5 {[%emt 0:00:43] is the legacy move (7...a6). A13: English Opening: 1...e6.} 8. Qc2 {[%emt 0:08:20] [#]} Nd5 $146 ({Predecessor:} 8... O-O 9. Nc3 Rb8 10. d4 cxd4 11. Nxd4 a6 12. Rd1 Qa5 13. Bf4 e5 14. Nf5 Bc5 15. Bd2 {1-0 Tazbir,M (2509)-Socko,M (2458) Wroclaw Radzikowska Blitz op 2022 (11)}) 9. a3 b5 {[%emt 0:10:46] White has an edge.} 10. e4 N5b6 11. d4 Bb7 12. Rd1 Qc8 {[%emt 0:04:44] [#]} 13. d5 $1 exd5 14. exd5 Nxd5 (14... O-O {is more complex.} 15. Nc3 b4 16. d6 bxc3 17. dxe7 Re8) 15. Nh4 Bxh4 16. Bxd5 Be7 17. Qe2 Bxd5 18. Rxd5 {[%emt 0:00:09][%cal Ob1c3] Strongly threatening Nc3!} Kf8 19. Nc3 {[%emt 0:07:21][%cal Oc1f4][%mdl 1024] Bf4! is the strong threat. White has compensation.} Nf6 20. Rd1 a6 21. Qf3 Rb8 22. Bg5 h6 23. Bxf6 Bxf6 24. Rac1 (24. Rd6 {simplifies} Be7 25. Rg6 Qb7 26. Qxb7 Rxb7 27. Rxa6 g6 28. Re1) 24... Bd4 (24... h5 $14) 25. Ne4 $16 Qb7 26. Qf4 {[%emt 0:00:56] White is more active.} g5 (26... Bxb2 $2 27. Nxc5 Bxc1 28. Qd6+ Kg8 29. Nxb7 Rxb7 30. Qxa6 $18) 27. Qd6+ (27. Qf5 $1 $16 Qe7 28. Nxc5 Bxc5 29. Rd7 (29. Qxc5 Qxc5 30. Rxc5 Rb6 $14) (29. Rxc5 Rb6 $16) 29... Bxf2+ 30. Kxf2) 27... Qe7 $1 $14 (27... Kg8 28. Rxd4 (28. Nxc5 Bxc5 29. Rxc5 Re8 $18) 28... cxd4 29. Nf6+ Kg7 30. Nh5+ Kg8 31. Qe5 $18) 28. Qxb8+ Kg7 {[%emt 0:00:01] [#]} 29. Nd6 $1 Qf6 {[%emt 0:00:33] Dodges Nf5+} (29... Rxb8 $2 30. Nf5+ Kf8 31. Nxe7 Kxe7 32. b4 $18) (29... Bxf2+ $2 30. Kf1 (30. Kg2 $2 Qe2 $19) 30... Qf6 31. Ne4 $18 (31. Ne8+ Rxe8 32. Qxe8 Bd4+ 33. Kg2 Qf2+ 34. Kh3 Qf5+ 35. Kg2 Qf2+ 36. Kh3 Qf5+ 37. Kg2 Qf2+ $11)) 30. Qb7 ({But not} 30. Ne8+ $2 Rxe8 31. Rxd4 Rxb8 $19) 30... Qxd6 31. Qf3 (31. b4 {is interesting.} c4 32. Qe4 Rd8 33. Kg2) 31... Rd8 32. b3 a5 33. Re1 Qf6 34. Kg2 (34. Qxf6+ {simplifies} Kxf6 35. Kg2 Rd6 36. Rb1) 34... b4 35. axb4 (35. Qxf6+ $16 Kxf6 36. a4) 35... axb4 $11 36. Qxf6+ (36. h4 {with more complications.} gxh4 37. gxh4 Rg8 38. Qxf6+ Kxf6+ 39. Kf3) 36... Kxf6 $16 {[%emt 0:00:06][%mdl 4096] Endgame KRR-KRB} 37. Kf3 Ra8 38. Rc2 Ra3 39. Rb1 h5 40. Ke4 Ke6 41. f3 f5+ 42. Kd3 Kd5 43. Ke2 Ra7 44. Kd3 Be5 45. Re1 Bd6 {[%emt 0:03:54] [#]} (45... Bf6 $11 {and Black is okay.}) 46. Rd2 (46. Re8 $1 $18) 46... Be5 $1 $14 {[%emt 0:02:51] [#] And now ...Bc3 would win.} 47. Rxe5+ Kxe5 {[%emt 0:00:07] KR-KR. The position is equal.} 48. Kc4 Ra5 49. Re2+ Kd6 50. Rd2+ Ke5 51. Re2+ Kd6 52. Rd2+ Ke5 {[%emt 0:00:05] An exciting game.   Weighted Error Value: White=0.13 (very precise) /Black=0.12 (very precise)} 1/2-1/2